 Dungeon Crawl Stone Soup version 0.21-a0-42-gb537e02 (console) character file.

836534 nht the Middleweight Champion (level 27, -20/229 HPs)
             Began as a Demonspawn Fighter on June 4, 2017.
             Was the Champion of Makhleb.
             Demolished by an infernal warmonger
             ... wielding a +4 antimagic demon blade
              (43 damage)
             ... in Pandemonium on June 5, 2017.
             The game lasted 03:50:38 (66520 turns).

nht the Middleweight Champion (Demonspawn Fighter) Turns: 66520, Time: 03:50:49

Health: -20/229    AC: 31    Str: 26    XL:     27
Magic:  30/37      EV: 10    Int: 12    God:    Makhleb [******]
Gold:   5420       SH: 21    Dex: 17    Spells: 26/26 levels left

rFire    + + +     SeeInvis +     - Unarmed
rCold    + . .     Gourm    .   V - +5 shield {AC+3}
rNeg     + . .     Faith    .   L - +4 crystal plate armour of the Eight Queens {rPois MR+}
rPois    +         Spirit   .   (helmet unavailable)
rElec    +         Reflect  .   E - +2 cloak {MR+}
rCorr    .         Harm     .   (gloves unavailable)
MR       ++++.                  (boots unavailable)
Stlth    ..........             Z - amulet "Woosch" {rN+ Regen+ Str+4 Dex-3}
Regen    0.9/turn               g - ring "Oloup" {*Corrode rF+++ EV-4 Dex+4}
MPRegen  0.3/turn               B - ring of Cuesh {+Fly rElec Slay+2 SInv Stlth+}

@: no status effects
A: claws 3, horns 3, talons 3, camouflage 1, cold resistance 1, deformed body,
fire resistance 1, foul stench 2, icemail, weak 1, augmentation 3, rot immunity,
freezing cloud immunity, MP-powered wands
}: 6/15 runes: barnacled, slimy, silver, demonic, dark, gossamer
a: Minor Destruction, Lesser Servant of Makhleb, Major Destruction, Greater
Servant of Makhleb, Renounce Religion, Evoke Flight


You were in Pandemonium.
You worshipped Makhleb.
Makhleb was exalted by your worship.
You were hungry.

You visited 12 branches of the dungeon, and saw 58 of its levels.
You visited Pandemonium 2 times, and saw 19 of its levels.
You visited the Abyss 1 time.
You visited 1 bazaar.
You also visited: Trove, Bailey, Ice Cave and Wizlab.

You collected 10513 gold pieces.
You spent 5093 gold pieces at shops.

Inventory:

Missiles
 b - 16 steel javelins
 l - 63 javelins
 n - 26 javelins of penetration
 o - 17 javelins of returning
 v - 2 tomahawks of returning
 A - 3 poisoned javelins
 P - 77 tomahawks (quivered)
 Q - 4 exploding tomahawks
 X - 10 throwing nets
Armour
 E - a +2 cloak of magic resistance (worn)
 L - the +4 crystal plate armour of the Eight Queens (worn) {rPois MR+}
   (You found it in a treasure trove)

   It protects you from poison.
   It affects your resistance to hostile enchantments.
 V - a +5 shield of protection (worn)
Jewellery
 a - an uncursed ring of resist corrosion
 g - the ring "Oloup" (left claw) {*Corrode rF+++ EV-4 Dex+4}
   (You found it on level 13 of the Dungeon)

   [ring of evasion]

   It affects your evasion (-4).
   It affects your dexterity (+4).
   It renders you almost immune to fire.
   It may corrode you when you take damage.
 r - an uncursed ring of protection from magic
 B - the ring of Cuesh (right claw) {+Fly rElec Slay+2 SInv Stlth+}
   (You found it on level 2 of the Spider Nest)

   [ring of flight]

   It affects your accuracy and damage with ranged weapons and melee attacks
   (+2).
   It insulates you from electricity.
   It lets you see invisible.
   It lets you fly.
   It makes you more stealthy.
 Z - the amulet "Woosch" (around neck) {rN+ Regen+ Str+4 Dex-3}
   (You found it on level 3 of the Crypt)

   [amulet of regeneration]

   It affects your strength (+4).
   It affects your dexterity (-3).
   It protects you from negative energy.
   It increases your rate of regeneration.
Wands
 M - a wand of scattershot (5/9)
 Y - a wand of digging (16/24)
Scrolls
 f - 6 scrolls of blinking
 i - 17 scrolls of recharging
 k - 10 scrolls of identify
 s - 2 scrolls of enchant weapon
 t - 4 scrolls of enchant armour
 u - 2 scrolls of fog
 x - 24 scrolls of remove curse
 z - 13 scrolls of teleportation
 C - 8 scrolls of magic mapping
 F - 9 scrolls of vulnerability
 H - 8 scrolls of silence
 K - 9 scrolls of immolation
Potions
 c - 7 potions of resistance
 e - 7 potions of mutation
 h - 5 potions of cancellation
 m - 21 potions of curing
 q - 14 potions of heal wounds
 w - 6 potions of lignification
 D - 9 potions of flight
 G - 2 potions of berserk rage
 I - 3 potions of haste
 R - 5 potions of agility
 U - 6 potions of invisibility
Books
 y - a book of Necromancy

   Spells                             Type                      Level
   a - Pain                           Necromancy                   1
   b - Animate Skeleton               Necromancy                   1
   c - Vampiric Draining              Necromancy                   3
   d - Regeneration                   Charms/Necromancy            3
   e - Animate Dead                   Necromancy                   4
   f - Control Undead                 Necromancy                   4
Comestibles
 d - 32 bread rations
 j - 21 royal jellies
 p - 34 meat rations
 O - 13 fruits


   Skills:
 + Level 21.5 Fighting
 + Level 17.7 Throwing
 + Level 20.9 Armour
 + Level 13.6 Dodging
 + Level 18.2 Shields
 O Level 27 Unarmed Combat
 + Level 20.9 Invocations


You had 26 spell levels left.
You didn't know any spells.

Dungeon Overview and Level Annotations

Branches:
Dungeon (15/15)            Temple (1/1) D:5            Lair (6/6) D:9
 Shoals (4/4) Lair:3       Spider (4/4) Lair:2        Slime (5/5) Lair:5
    Orc (2/2) D:10            Elf (3/3) Orc:2        Vaults (5/5) D:13
  Crypt (3/3) Vaults:2       Tomb (0/3) Crypt:3      Depths (5/5) D:15
    Zot (5/5) Depths:5

Altars:
Ashenzari
Cheibriados
Dithmenos
Elyvilon
Fedhas
Gozag
Hepliaklqana
Kikubaaqudgha
Makhleb
Nemelex Xobeh
Okawaru
Qazlal
Ru
Sif Muna
Trog
Uskayaw
Vehumet
Wu Jian
Xom
Yredelemnul
Zin
The Shining One
Beogh
Jiyva

Shops:
D:8 (   D:9 :   D:11 :   Orc:1 *(:   Orc:2 ![[=*   Elf:2 :   Shoals:3 [
Vaults:5 %   Depths:2 *   Depths:4 [

Portals:
Hell: Lair:6 Depths:1 Depths:2 Depths:3 Depths:4 Depths:5
Abyss: Depths:2 Depths:3 Depths:4
Pandemonium: Depths:3
Ziggurat: Depths:4

Annotations:
Lair:3 exclusion: oklob plant
Zot:5 2 exclusions


Innate Abilities, Weirdness & Mutations

You have claws for hands.
You have a pair of large horns on your head.
You have claws for feet.
Your flesh is cold resistant. (rC+)
You frequently emit foul miasma when damaged in melee.
A meltable icy envelope protects you from harm. (AC +0)
Your magical and physical power is greatly enhanced at high health.
You are immune to rotting.
You are immune to freezing clouds.
Your skin changes colour to match your surroundings (Stealth+).
Armour fits poorly on your strangely shaped body.
Your flesh is heat resistant. (rF+)
You are weak. (Str -2)
You expend magic power (3 MP) to strengthen your wands.


Message History

You writhe in agony.
* * * LOW HITPOINT WARNING * * *
The infernal warmonger blocks your attack.
Your kick misses the infernal warmonger.
You headbutt the infernal warmonger.
The infernal warmonger is almost dead.
You mangle the infernal warmonger!!
Your kick misses the infernal warmonger.
Your headbutt misses the infernal warmonger.
The infernal warmonger is almost dead.
You block the infernal warmonger's attack.
You block the infernal black sun's attack.
The infernal warmonger blocks your attack. x3
The infernal warmonger is almost dead.
The infernal black sun hits you but does no damage.
You writhe in agony.
* * * LOW HITPOINT WARNING * * *
The infernal black sun looks sick.
The infernal warmonger hits you with an antimagic demon blade!!!
You die...

...█....█........█...█)█████████.
...'....'........█.███.........'.
...█....█......█████.█.........██
.. █....█....███.....█.........█
█ █....█..█'█.█.6...█)........█
████████████...██6.6.'.........█
..█ ..█.....§§....█.........█
.████ ...██....6██.███.........█
.█..█ ....'....6@█'█.█.........█
██..██....██...███...█+████'████
'....'.. █.█'█....██∩█.......█
█....██ ███.....██..█.......█
......█ +.....██...█[......█


███'████ ██...██....'.......█ .......█ ██.██.....█.......█ .......█
███......█.(.....█ .......█ █.......█.......█ You could see an infernal
warmonger (berserk) and an infernal black sun (berserk).

Vanquished Creatures
  the Royal Jelly (Slime:5)
  Gloorx Vloq (Pan)
  An orb of fire (Zot:5)
  A juggernaut (Depths:4)
  Mennas (Vaults:2)
  4 ancient liches
  Sojobo (Depths:5)
  Frederick (Crypt:2)
  Saint Roka (Elf:3)
  6 curse toes
  3 Killer Klowns
  Bai Suzhen (Shoals:3)
  Nikola (Spider:1)
  5 pandemonium lords (Pan)
  11 golden dragons
  A profane servitor (Crypt:3)
  A bone dragon (Crypt:3)
  Jory (Vaults:5)
  3 Tzitzimimeh (Pan)
  An Ice Fiend (Pan)
  A hellephant (Depths:3)
  6 Brimstone Fiends (Pan)
  3 electric golems (Zot:5)
  3 liches
  A Hell Sentinel (Pan)
  7 tentacled monstrosities
  12 Orb Guardians (Zot:5)
  6 titans
  A tentacled starspawn (Abyss:3)
  3 quicksilver dragons
  2 deep elf master archers (Elf:3)
  3 deep elf blademasters
  15 Executioners (Pan)
  Frances (Shoals:1)
  3 sphinxes
  4 krakens (Shoals:4)
  2 ancient champions
  28 acid blobs
  5 death cobs
  Kirke (Shoals:1)
  11 shadow dragons
  Gastronok (D:8)
  13 tengu reavers
  3 warmongers (Pan)
  12 storm dragons
  5 draconian monks
  2 revenants
  7 fire giants
  17 frost giants
  8 draconian scorchers
  15 azure jellies
  17 balrugs (Pan)
  An orc warlord (Orc:2)
  Ilsuiw (Shoals:4)
  8 draconian knights
  4 iron dragons
  5 black suns (Pan)
  4 cacodemons (Pan)
  12 ghost moths
  5 curse skulls
  8 emperor scorpions
  Louise (Shoals:1)
  4 draconian stormcallers
  7 deep elf sorcerers
  8 deep elf elementalists
  Aizul (Vaults:3)
  9 vault wardens
  9 draconian annihilators
  2 spriggan defenders (Depths:3)
  4 blood saints (Pan)
  17 very ugly things
  6 entropy weavers
  22 ironheart preservers
  19 ghouls
  2 vampire knights
  10 reapers (Pan)
  20 stone giants
  2 war gargoyles (Vaults:5)
  12 green draconians
  6 corrupters (Pan)
  5 lorocyprocas (Pan)
  7 deep elf demonologists
  7 purple draconians
  15 red draconians
  5 deep elf annihilators
  3 black draconians
  12 dire elephants (Depths:3)
  An orange crystal statue (WizLab)
  7 ettins
  11 yellow draconians
  A spark wasp (Depths:1)
  4 green deaths (Pan)
  The ghost of Duffy the Cleaver, a journeyman NaFi of Cheibriados (Lair:2)
  10 white draconians
  14 eidola
  5 merfolk javelineers
  Josephine (Orc:2)
  9 death oozes
  9 merfolk impalers
  8 blizzard demons (Pan)
  7 fire dragons
  9 deep elf death magi
  A mummy priest (Crypt:3)
  3 deep elf high priests
  4 jiangshi (Crypt:1)
  2 quicksilver dragon skeletons (Pan)
  15 ogre magi
  15 great orbs of eyes
  25 yaktaur captains
  11 ice dragons
  The ghost of roguesci the Nimble, a journeyman DrIE of Kikubaaqudgha (D:11)
  The ghost of roguesci the Nimble, a journeyman DrIE of Gozag (D:11)
  41 vault guards
  5 hydras
  2 rakshasas
  2 hell beasts
  4 spriggan air magi
  7 monstrous demonspawn (Pan)
  11 centaur warriors
  A catoblepas (D:14)
  A juggernaut simulacrum (Pan)
  An alligator snapping turtle (Shoals:4)
  3 merfolk avatars
  A death yak (Lair:6)
  3 merfolk aquamancers
  42 two-headed ogres
  11 death knights
  A two-headed ogre (shapeshifter) (Vaults:4)
  6 satyrs
  29 dancing weapons
  9 deep troll earth magi
  9 tengu warriors
  The ghost of anet the Jinx, a journeyman DEWz of Ashenzari (D:10)
  3 deep troll shamans
  4 vampire magi
  An orc high priest (Elf:1)
  4 spriggan berserkers
  A thrashing horror (Abyss:3)
  37 deep elf knights
  18 soul eaters
  A titan skeleton (Abyss:3)
  39 sun demons (Pan)
  27 skeletal warriors
  11 shadow wraiths
  An iron troll (Depths:2)
  2 anaconda zombies (Crypt:3)
  A fire crab (shapeshifter) (Vaults:3)
  A wretched star (Abyss:3)
  6 sixfirhies (Pan)
  7 flayed ghosts
  3 hell knights
  A death drake (shapeshifter) (D:13)
  5 infernal demonspawn
  5 unseen horrors
  11 sea snakes
  7 gelid demonspawn (Pan)
  4 torturous demonspawn (Pan)
  28 deep trolls
  5 glowing orange brains
  A swamp dragon (shapeshifter) (Vaults:5)
  3 shadow demons (Pan)
  3 necromancers
  24 harpies
  7 wizards
  An anaconda skeleton (Abyss:3)
  32 deep elf archers
  24 ironbrand convokers
  25 phantasmal warriors
  2 lindwurms (shapeshifter)
  18 orc knights
  A harpy (shapeshifter) (Vaults:4)
  2 stone giant zombies (Crypt:3)
  16 orb spiders
  97 deep elf magi
  7 shining eyes
  4 orc sorcerers
  7 cyclopes
  26 wolf spiders
  19 moths of wrath
  5 oklob plants
  21 ugly things
  22 fauns
  A stone giant skeleton (Crypt:1)
  A frost giant zombie (Crypt:3)
  2 fire giant zombies (Crypt:3)
  3 centaur zombies
  9 manticores
  2 ice statues (IceCv)
  7 merfolk sirens
  2 frost giant skeletons
  7 elephants
  2 rust devils (Pan)
  Joseph (D:8)
  2 fire giant skeletons (Pan)
  2 salamanders (shapeshifter)
  A water nymph (shapeshifter) (Vaults:5)
  3 naga magi (D:15)
  22 vault sentinels
  A spiny frog (shapeshifter) (Depths:1)
  A moth of wrath (shapeshifter) (D:15)
  A guardian serpent (shapeshifter) (Depths:1)
  An eye of devastation (shapeshifter) (Depths:4)
  7 water nymphs
  2 torpor snails
  A dire elephant zombie (Crypt:3)
  An eye of devastation (Slime:4)
  4 black mambas
  7 spiny frogs
  14 orange demons
  3 gargoyles
  6 hellions (Pan)
  17 smoke demons
  A rime drake (shapeshifter) (D:14)
  2 yellow draconian zombies
  9 rime drakes
  3 tormentors (Pan)
  30 demonic crawlers
  A black draconian zombie (Crypt:1)
  14 freezing wraiths
  5 komodo dragons
  A pale draconian skeleton (Crypt:2)
  A kobold demonologist (D:10)
  2 efreet (Pan)
  11 hellwings (Pan)
  2 ancient zymes (Abyss:3)
  A komodo dragon (shapeshifter) (Depths:5)
  8 ice devils
  43 yaktaurs
  27 red devils
  2 trolls (shapeshifter)
  A harpy zombie (Crypt:1)
  3 tengu conjurers
  9 trolls
  2 hydra zombies (Crypt:3)
  2 polar bears
  37 jumping spiders
  26 merfolk
  2 polar bears (shapeshifter)
  A grey draconian skeleton (Crypt:1)
  2 jumping spiders (shapeshifter)
  7 hornets
  6 wind drakes
  A bog body (Crypt:2)
  A raiju (shapeshifter) (D:14)
  A blink frog (shapeshifter) (Depths:4)
  A harpy skeleton (D:15)
  A hippogriff (shapeshifter) (Depths:4)
  17 dream sheep
  3 raiju (Abyss:3)
  An ettin zombie (Crypt:3)
  A fire giant simulacrum (Vaults:3)
  61 slime creatures
  An ice dragon zombie (Crypt:3)
  68 redbacks
  11 snapping turtles
  4 flying skulls (Abyss:3)
  4 shadows
  8 air elementals
  15 hippogriffs
  A black mamba zombie (Crypt:3)
  2 vampires
  36 tarantellas
  24 ynoxinuls
  A spriggan (Depths:3)
  18 water elementals
  A spriggan (shapeshifter) (Depths:1)
  45 yaks
  2 ushabtiu (Crypt:3)
  A wyvern (Lair:1)
  2 humans (shapeshifter)
  A yak (shapeshifter) (Vaults:4)
  A basilisk (shapeshifter) (Depths:3)
  15 wraiths
  5 basilisks
  2 black mamba skeletons
  4 golden eyes (Slime:5)
  A hog (Shoals:1)
  17 humans (D:13)
  The ghost of roguesci the Chiller, an amateur DrIE (D:4)
  10 chaos spawn
  3 fire elementals
  A hog (shapeshifter) (Depths:1)
  8 vampire mosquitoes
  3 hungry ghosts
  7 neqoxecs
  7 wargs
  An infernal demonspawn zombie (Crypt:2)
  4 water moccasins
  4 acid dragons
  2 hell hounds (Lair:6)
  A spiny frog zombie (Abyss:3)
  3 floating eyes (Depths:4)
  8 porcupines
  A water nymph skeleton (Crypt:2)
  11 eyes of draining
  A meliai simulacrum (D:15)
  An infernal demonspawn skeleton (Pan)
  56 orc warriors
  2 sky beasts
  16 necrophages
  A phantom (D:4)
  A swamp drake (D:10)
  A black bear (D:10)
  A snapping turtle zombie (Crypt:3)
  A swamp dragon zombie (Crypt:3)
  19 ice beasts
  17 large abominations
  7 boggarts
  43 ogres
  2 elephant zombies (Crypt:2)
  15 wolves
  A hog zombie (Crypt:1)
  30 centaurs
  A blink frog skeleton (Crypt:1)
  12 crocodiles
  A lindwurm skeleton (Crypt:2)
  4 elf zombies (Elf:1)
  A fire crab zombie (Crypt:2)
  2 big kobolds
  23 bullfrogs
  2 earth elementals (Elf:2)
  A water moccasin skeleton (D:8)
  11 wyvern skeletons (Crypt:3)
  A troll zombie (Crypt:2)
  3 scorpions
  4 small abominations
  6 killer bees (D:10)
  8 howler monkeys
  27 wights
  A spriggan skeleton (Pan)
  A vampire bat (Lair:3)
  2 electric eels
  5 crimson imps
  5 jellies (D:12)
  2 quasits
  2 bullfrog zombies
  10 hounds
  A human simulacrum (Vaults:3)
  23 orc priests
  4 bullfrog skeletons
  7 centaur skeletons
  An iron imp (Depths:3)
  A basilisk skeleton (Crypt:2)
  Terence (D:2)
  27 orc wizards
  5 iguanas
  13 worker ants
  A hell rat (Lair:5)
  A killer bee zombie (D:6)
  A crocodile zombie (Crypt:2)
  3 hound zombies
  A mummy (Crypt:3)
  14 adders
  2 howler monkey skeletons
  5 river rats (Lair:5)
  6 shadow imps
  13 white imps
  An ufetubus (Abyss:3)
  18 oozes (D:12)
  6 adder skeletons
  5 worms
  A dart slug (D:1)
  4 leopard geckos
  114 orcs
  A ball python (D:4)
  11 bats
  4 giant cockroaches
  7 goblins
  6 hobgoblins
  10 jackals
  23 kobolds
  5 quokkas
  6 frilled lizards
  A kobold zombie (Crypt:2)
  A quokka skeleton (D:4)
  3 quokka zombies
  8 rats
  3 crawling corpses
  4 plants
  9 tentacles (Shoals:4)
  A withered plant (Crypt:3)
3071 creatures vanquished.

Vanquished Creatures (collateral kills)
  An emperor scorpion (Spider:4)
  An ironheart preserver (Vaults:5)
  A deep elf annihilator (Vaults:5)
  2 merfolk javelineers (Shoals:4)
  A hydra (Lair:6)
  A death knight (D:13)
  2 deep elf knights (Elf:2)
  A sun demon (Lair:6)
  An orc knight (Orc:2)
  A wolf spider (Lair:2)
  A faun (Shoals:3)
  A deep elf mage (Elf:2)
  3 elephants
  An orange demon (Lair:6)
  A water nymph (Shoals:4)
  2 spiny frogs (Lair:6)
  A smoke demon (Lair:6)
  A komodo dragon (Lair:6)
  A jumping spider (Lair:2)
  3 trolls
  2 wraiths (Orc:2)
  2 yaks (Lair:6)
  2 hell hounds (Lair:6)
  9 orc warriors
  An ogre (Orc:2)
  A crocodile (Lair:6)
  An orc priest (Orc:1)
  4 orc wizards
  5 orcs
  3 tentacles (Shoals:4)
57 creatures vanquished.

Vanquished Creatures (others)
  A balrug (Pan)
  A white draconian (Zot:1)
  A deep elf knight (Elf:1)
  A soul eater (Pan)
  2 deep elf magi (Elf:1)
  A tormentor (Pan)
  A water elemental (Elf:1)
  A redback (Spider:2)
  A starcursed mass (Abyss:3)
  A goblin (D:1)
  A frilled lizard (D:2)
  A crawling corpse (Elf:3)
  74 fungi
  43 plants
  6 starspawn tentacles (Abyss:3)
  36 tentacles (Shoals:4)
  16 toadstools (Lair:3)
  11 withered plants (Crypt:3)
199 creatures vanquished.

Grand Total: 3327 creatures vanquished

Notes
Turn   | Place    | Note
-------+----------+-------------------------------------------
     0 | D:1      | nht the Demonspawn Fighter began the quest for the Orb.
     0 | D:1      | Reached XP level 1. HP: 18/18 MP: 1/1
    14 | D:1      | Reached skill level 2 in Unarmed Combat
   278 | D:1      | Gained mutation: You have a pair of small horns on your head. [demonic ancestry]
   278 | D:1      | Reached XP level 2. HP: 20/24 MP: 2/2
   671 | D:2      | Reached skill level 3 in Unarmed Combat
   725 | D:2      | Reached XP level 3. HP: 17/29 MP: 3/3
   790 | D:2      | Found a blossoming altar of Fedhas.
   790 | D:2      | Found a faded altar of an unknown god.
   795 | D:2      | Found an iron altar of Okawaru.
   797 | D:2      | Found a basalt altar of Yredelemnul.
   798 | D:2      | Found a white marble altar of Elyvilon.
   977 | D:2      | Noticed Terence
   983 | D:2      | Killed Terence
  1021 | D:2      | Reached skill level 4 in Unarmed Combat
  1021 | D:2      | Gained mutation: You have sharp fingernails. [demonic ancestry]
  1021 | D:2      | Reached XP level 4. HP: 31/35 MP: 4/4
  1465 | D:3      | Found a sacrificial altar of Ru.
  1783 | D:4      | Reached XP level 5. HP: 39/41 MP: 5/5
  1808 | D:4      | Reached skill level 5 in Unarmed Combat
  1870 | D:4      | Noticed an orc warrior
  1955 | D:4      | Noticed an ogre
  2062 | D:4      | Noticed roguesci's ghost (amateur DrIE)
  2068 | D:5      | Entered Level 5 of the Dungeon
  2150 | D:5      | Found a staircase to the Ecumenical Temple.
  2161 | Temple   | Entered the Ecumenical Temple
  2352 | Temple   | Became a worshipper of Makhleb the Destroyer
  2399 | D:5      | Gained mutation: You have sharp toenails. [demonic ancestry]
  2399 | D:5      | Reached XP level 6. HP: 40/47 MP: 6/6
  2492 | D:5      | Reached skill level 6 in Unarmed Combat
  2955 | D:5      | Reached skill level 1 in Invocations
  3018 | D:4      | Killed roguesci's ghost
  3018 | D:4      | Reached XP level 7. HP: 52/52 MP: 7/9
  3149 | D:4      | Reached skill level 7 in Unarmed Combat
  3255 | D:4      | Got an ichor-stained whip
  3748 | D:4      | Reached * piety under Makhleb
  3769 | D:4      | Identified the cursed +1 whip of Wiom {flame, +Inv MR+++ Int-4 Stlth-} (You found it on level 4 of the Dungeon)
  3788 | D:4      | Gained mutation: You are immune to rotting. [demonic ancestry]
  3788 | D:4      | Reached XP level 8. HP: 34/58 MP: 11/11
  3818 | D:4      | Reached skill level 8 in Unarmed Combat
  3956 | D:4      | Gained mutation: Your mind is acute. (Int +2) [potion of mutation]
  3956 | D:4      | Gained mutation: You have razor-sharp toenails. [potion of mutation]
  3959 | D:4      | oops
  3997 | D:4      | Reached skill level 5 in Invocations
  4091 | D:6      | Found Fagishro's Distillery.
  4323 | D:6      | Reached skill level 9 in Unarmed Combat
  4420 | D:6      | Reached ** piety under Makhleb
  4951 | D:7      | Noticed a hippogriff
  4960 | D:7      | Killed a hippogriff
  5005 | D:7      | Gained mutation: You have very sharp fingernails. [demonic ancestry]
  5005 | D:7      | Reached XP level 9. HP: 41/63 MP: 14/14
  5183 | D:7      | Got a twisted ring mail
  5194 | D:7      | Identified the +3 ring mail of Emypirot {rElec rCorr Int-4 Stlth+} (You found it on level 7 of the Dungeon)
  5461 | D:8      | Reached skill level 10 in Unarmed Combat
  5631 | D:8      | Paralysed by a hornet for 3 turns
  5834 | D:8      | Noticed Joseph
  5854 | D:8      | Killed Joseph
  6017 | D:8      | Noticed a two-headed ogre
  6123 | D:8      | Found Nokkif's Antique Weapon Shop.
  6129 | D:8      | Noticed a two-headed ogre
  6167 | D:8      | Killed a two-headed ogre
  6167 | D:8      | Reached skill level 11 in Unarmed Combat
  6167 | D:8      | Gained mutation: You may emit foul miasma when damaged in melee. [demonic ancestry]
  6167 | D:8      | Reached XP level 10. HP: 48/70 MP: 16/16
  6197 | D:8      | Killed a two-headed ogre
  6495 | D:8      | Found a sparkling altar of Nemelex Xobeh.
  6956 | D:8      | Noticed Gastronok
  7082 | D:9      | Got a fine robe
  7158 | D:9      | Found Relidam's Book Boutique.
  7171 | D:9      | Reached skill level 5 in Shields
  7174 | D:9      | Reached *** piety under Makhleb
  7602 | D:9      | Found a staircase to the Lair.
  7625 | Lair:1   | Entered Level 1 of the Lair of Beasts
  7625 | Lair:1   | Noticed a spiny frog
  7630 | Lair:1   | Killed a spiny frog
  7635 | Lair:1   | Noticed a four-headed hydra
  7797 | Lair:1   | Reached skill level 10 in Invocations
  7884 | Lair:2   | Noticed a spiny frog
  7892 | Lair:2   | Killed a spiny frog
  7892 | Lair:2   | Reached skill level 12 in Unarmed Combat
  7935 | Lair:2   | Noticed Duffy's ghost (journeyman NaFi)
  7947 | Lair:2   | Killed Duffy's ghost
  8110 | Lair:2   | Noticed a wolf spider
  8115 | Lair:2   | Killed a wolf spider
  8115 | Lair:2   | Gained mutation: Your flesh is cold resistant. (rC+) [demonic ancestry]
  8115 | Lair:2   | Reached XP level 11. HP: 75/75 MP: 18/18
  8139 | Lair:2   | Found a hole to the Spider Nest.
  8845 | Lair:3   | Identified the cursed +1 chain mail "Hofasagi" {+Fly rN+} (You found it on level 3 of the Lair of Beasts)
  8846 | Lair:3   | Identified the +2 robe of Temperance {Dex+2} (You found it on level 9 of the Dungeon)
  8970 | Lair:3   | Found a blossoming altar of Fedhas.
  8990 | Lair:3   | Noticed an oklob plant
  9080 | Lair:3   | Found a staircase to the Shoals.
  9162 | Lair:3   | Reached **** piety under Makhleb
 10165 | Lair:4   | Noticed an oklob plant
 10165 | Lair:4   | Noticed an oklob plant
 10189 | Lair:4   | Reached skill level 13 in Unarmed Combat
 10484 | Lair:4   | Killed an oklob plant
 10520 | Lair:4   | Noticed an oklob plant
 10538 | Lair:4   | Killed an oklob plant
 10561 | Lair:4   | Noticed an oklob plant
 10847 | Lair:4   | Killed an oklob plant
 10939 | Lair:4   | Killed an oklob plant
 11487 | Lair:5   | Found a runed door.
 11487 | Lair:5   | Found a viscous altar of Jiyva.
 11488 | Lair:5   | Noticed an acid blob
 11501 | Lair:5   | Found a staircase to the Slime Pits.
 11501 | Lair:5   | Noticed an acid blob
 11576 | Lair:5   | Mutation became permanent: You have sharp toenails. [demonic ancestry]
 11576 | Lair:5   | Gained mutation: You have razor-sharp toenails. [demonic ancestry]
 11576 | Lair:5   | Reached XP level 12. HP: 61/81 MP: 19/21
 11701 | Lair:5   | Reached skill level 14 in Unarmed Combat
 11735 | Lair:5   | Found a deep blue altar of Sif Muna.
 11846 | Lair:5   | Identified the cursed +0 ring mail of the Cockroach {+Blink Regen+} (You found it on level 5 of the Lair of Beasts)
 12270 | Lair:6   | Entered Level 6 of the Lair of Beasts
 12270 | Lair:6   | Noticed a four-headed hydra
 12410 | Lair:6   | Killed a four-headed hydra
 12510 | Lair:6   | Found a frozen archway.
 12536 | Lair:6   | Reached ***** piety under Makhleb
 12557 | IceCv    | Entered an ice cave
 12916 | IceCv    | Noticed an ice dragon
 12922 | IceCv    | Noticed an ice dragon
 12929 | IceCv    | Killed an ice dragon
 12937 | IceCv    | Killed an ice dragon
 13142 | Lair:6   | Reached skill level 15 in Unarmed Combat
 13151 | Lair:6   | Gained mutation: You have a pair of horns on your head. [demonic ancestry]
 13151 | Lair:6   | Reached XP level 13. HP: 72/86 MP: 23/23
 14168 | Lair:6   | Found a burning altar of Makhleb.
 14169 | Lair:6   | Noticed a blizzard demon
 14467 | Lair:6   | Found a gateway to Hell.
 14775 | Lair:1   | Reached skill level 10 in Shields
 15342 | D:10     | Entered Level 10 of the Dungeon
 15599 | D:10     | Reached skill level 16 in Unarmed Combat
 15822 | D:10     | Found a roughly hewn altar of Beogh.
 15920 | D:10     | Found a staircase to the Orcish Mines.
 15928 | D:10     | Noticed anet's ghost (journeyman DEWz)
 16113 | D:10     | Killed anet's ghost
 16213 | Orc:1    | Entered Level 1 of the Orcish Mines
 16282 | Orc:1    | Found Los Hufi's Weapon Shoppe.
 16368 | Orc:1    | Found Zoaxt's Book Boutique.
 16527 | Orc:1    | Reached skill level 5 in Fighting
 16531 | Orc:1    | Reached XP level 14. HP: 98/98 MP: 24/24
 16747 | Orc:2    | Entered Level 2 of the Orcish Mines
 16747 | Orc:2    | Noticed Josephine
 16780 | Orc:2    | Killed Josephine
 17144 | Orc:2    | Found Nompe's Armour Shop.
 17144 | Orc:2    | Found Olyuxt's Jewellery Shoppe.
 17146 | Orc:2    | Found Siuwk's Assorted Antiques.
 17148 | Orc:2    | Found Ixithic's Armour Boutique.
 17155 | Orc:2    | Bought a potion of heal wounds for 120 gold pieces
 17155 | Orc:2    | Bought a potion of resistance for 240 gold pieces
 17155 | Orc:2    | Bought a potion of curing for 72 gold pieces
 17155 | Orc:2    | Bought a scroll of teleportation for 72 gold pieces
 17155 | Orc:2    | Bought a scroll of teleportation for 72 gold pieces
 17216 | Orc:2    | Reached ****** piety under Makhleb
 17353 | Orc:2    | Found a staircase to the Elven Halls.
 17400 | Orc:2    | Noticed an orc warlord
 17442 | Orc:2    | Killed an orc warlord
 17442 | Orc:2    | Reached skill level 15 in Invocations
 17581 | Orc:2    | Found Ramoph's Distillery.
 17586 | Orc:2    | Bought a potion of agility for 52 gold pieces
 17586 | Orc:2    | Bought a potion of curing for 39 gold pieces
 17586 | Orc:2    | Bought 2 potions of agility for 104 gold pieces
 17586 | Orc:2    | Bought a potion of berserk rage for 65 gold pieces
 17586 | Orc:2    | Bought a potion of invisibility for 104 gold pieces
 17586 | Orc:2    | Bought 2 potions of curing for 78 gold pieces
 17586 | Orc:2    | Bought a potion of cancellation for 104 gold pieces
 17695 | Orc:2    | Bought a +2 shield of protection for 236 gold pieces
 17842 | Orc:1    | Found Jeckaem's Assorted Antiques.
 17850 | Orc:1    | Bought a scroll of blinking for 240 gold pieces
 17850 | Orc:1    | Bought a scroll of identify for 64 gold pieces
 17850 | Orc:1    | Bought a potion of might for 128 gold pieces
 17850 | Orc:1    | Bought a potion of resistance for 320 gold pieces
 17850 | Orc:1    | Bought a scroll of fear for 112 gold pieces
 18532 | D:8      | Killed Gastronok
 18841 | D:11     | Found Iskois's Book Shoppe.
 18916 | D:11     | Noticed roguesci's ghost (journeyman DrIE)
 18944 | D:11     | Killed roguesci's ghost
 19663 | D:12     | Found a flagged portal.
 19672 | Bailey   | Entered a bailey
 20532 | D:12     | Reached skill level 17 in Unarmed Combat
 21031 | D:13     | Gained mutation: You have a pair of large horns on your head. [demonic ancestry]
 21031 | D:13     | Reached XP level 15. HP: 108/108 MP: 26/26
 21725 | D:13     | Cast into level 3 of the Abyss (a wizard)
 21854 | Abyss:3  | Noticed a tentacled starspawn
 21868 | Abyss:3  | Paralysed by accursed screaming for 2 turns
 22023 | Abyss:3  | Gained mutation: Your body sometimes deteriorates upon taking damage. [a neqoxec]
 22038 | Abyss:3  | Noticed a revenant
 22075 | Abyss:3  | Found a corrupted altar of Lugonu.
 22208 | Abyss:3  | Gained mutation: Scrolls take you a little longer to read. [a neqoxec]
 22240 | Abyss:3  | Noticed a tentacled starspawn
 22250 | Abyss:3  | Killed a tentacled starspawn
 22361 | D:13     | Escaped the Abyss
 22420 | D:13     | Found a gate to the Vaults.
 22441 | D:13     | Got a translucent bone ring
 22444 | D:13     | Identified the cursed ring "Oloup" {*Corrode rF+++ EV-4 Dex+4} (You found it on level 13 of the Dungeon)
 22676 | D:14     | Reached skill level 18 in Unarmed Combat
 22693 | D:14     | Paralysed by an ogre mage for 4 turns
 23284 | D:15     | Entered Level 15 of the Dungeon
 23499 | D:15     | Found a staircase to the Depths.
 23520 | D:15     | Gained mutation: You frequently emit foul miasma when damaged in melee. [demonic ancestry]
 23520 | D:15     | Reached XP level 16. HP: 120/120 MP: 28/28
 23677 | D:15     | Found a portal to a secret trove of treasure.
 24541 | Orc:2    | Bought an uncursed ring of poison resistance for 260 gold pieces
 24718 | Shoals:1 | Entered Level 1 of the Shoals
 24732 | Shoals:1 | Found a deep blue altar of Sif Muna.
 24811 | Shoals:1 | Noticed Louise
 24826 | Shoals:1 | Killed Louise
 24828 | Shoals:1 | Got an encrusted large shield
 24831 | Shoals:1 | Identified the +2 large shield of Hedging {+Blink rF+ MR- Slay+3 SInv} (You took it off Louise on level 1 of the Shoals)
 24868 | Shoals:1 | Noticed Frances
 24879 | Shoals:1 | Killed Frances
 24921 | Shoals:1 | Noticed Kirke
 24944 | Shoals:1 | Noticed a sphinx
 24949 | Shoals:1 | Killed Kirke
 26076 | Shoals:2 | Reached skill level 10 in Fighting
 26254 | Shoals:2 | Reached skill level 19 in Unarmed Combat
 26849 | Shoals:3 | Got a transparent cloak
 26860 | Shoals:3 | Identified the +2 cloak of Blue Skies {Str+6 Stlth+} (You found it on level 3 of the Shoals)
 27434 | Shoals:3 | Noticed Bai Suzhen
 27480 | Shoals:3 | Found Dueteemp's Armour Boutique.
 27549 | Shoals:3 | Killed Bai Suzhen
 27549 | Shoals:3 | Reached skill level 1 in Dodging
 27714 | Shoals:4 | Entered Level 4 of the Shoals
 27736 | Shoals:4 | Noticed Ilsuiw
 27760 | Shoals:4 | Killed Ilsuiw
 27966 | Shoals:4 | Gained mutation: You are immune to freezing clouds. [demonic ancestry]
 27966 | Shoals:4 | Reached XP level 17. HP: 129/129 MP: 29/29
 28045 | Shoals:4 | Noticed a kraken
 28090 | Shoals:4 | Noticed a kraken
 28311 | Shoals:4 | Noticed a kraken
 28326 | Shoals:4 | HP: 6/129 [wind drake/the air (10)]
 28333 | Shoals:3 | HP: 1/129 [wind drake/the air (21)]
 28339 | Shoals:3 | HP: 2/129 [wind drake/the air (7)]
 28594 | Shoals:4 | Killed a kraken
 29063 | Shoals:4 | Killed a kraken
 29094 | Shoals:4 | Reached skill level 5 in Armour
 29334 | Shoals:4 | Noticed a kraken
 29348 | Shoals:4 | Killed a kraken
 29444 | Shoals:4 | Got a barnacled rune of Zot
 29495 | Shoals:4 | Killed a kraken
 30132 | Spider:1 | Entered Level 1 of the Spider Nest
 30812 | Spider:2 | Noticed Nikola
 30841 | Spider:1 | Killed Nikola
 31178 | Spider:2 | Lost mutation: Your body sometimes deteriorates upon taking damage. [potion of mutation]
 31178 | Spider:2 | Lost mutation: Your mind is acute. (Int +2) [potion of mutation]
 31178 | Spider:2 | Lost mutation: Scrolls take you a little longer to read. [potion of mutation]
 31178 | Spider:2 | Gained mutation: Your mind is acute. (Int +2) [potion of mutation]
 31178 | Spider:2 | Gained mutation: You are agile. (Dex +2) [potion of mutation]
 31241 | Spider:2 | Reached skill level 5 in Dodging
 31277 | Spider:2 | Reached skill level 20 in Unarmed Combat
 31277 | Spider:2 | Gained mutation: Your magical and physical power is slightly enhanced at high health. [demonic ancestry]
 31277 | Spider:2 | Reached XP level 18. HP: 120/138 MP: 30/30
 31392 | Spider:2 | Got a smoking turquoise ring
 31394 | Spider:2 | Identified the ring of Cuesh {+Fly rElec Slay+2 SInv Stlth+} (You found it on level 2 of the Spider Nest)
 31844 | D:11     | Bought a manual of Unarmed Combat for 1324 gold pieces
 32705 | Spider:3 | Identified the cursed +1 robe of Autumn {+Blink rPois rN++ MR-} (You found it on level 3 of the Spider Nest)
 33061 | Spider:4 | Entered Level 4 of the Spider Nest
 33182 | Spider:4 | Reached skill level 21 in Unarmed Combat
 33602 | Spider:4 | Reached skill level 22 in Unarmed Combat
 33651 | Spider:4 | Got a gossamer rune of Zot
 34002 | Elf:1    | Entered Level 1 of the Elven Halls
 34083 | Elf:1    | Noticed a Hell Sentinel
 34225 | Elf:1    | Noticed a Brimstone Fiend
 34234 | Elf:1    | Noticed an Ice Fiend
 34685 | Elf:1    | Reached XP level 19. HP: 144/144 MP: 31/31
 34847 | Elf:1    | Identified the +1 ring mail of the Thirsty Tales {rPois} (You found it on level 1 of the Elven Halls)
 34929 | Elf:1    | Reached skill level 23 in Unarmed Combat
 35002 | Elf:1    | Identified the Almanac of Darkness
 35516 | Elf:2    | Found a deep blue altar of Sif Muna.
 36047 | Elf:2    | Found Veaci's Book Shoppe.
 36140 | Elf:2    | Found a runed gate.
 36140 | Elf:2    | Found a runed gate.
 36142 | Elf:2    | Found a runed gate.
 36773 | Elf:3    | Entered Level 3 of the Elven Halls
 37353 | Elf:3    | Gained mutation: You have claws for hands. [demonic ancestry]
 37353 | Elf:3    | Reached XP level 20. HP: 112/155 MP: 32/32
 37356 | Elf:3    | Noticed Saint Roka
 37374 | Elf:3    | Killed Saint Roka
 37638 | Elf:3    | Got a translucent leather armour
 37639 | Elf:3    | Identified the +3 leather armour of the Falcon {-Tele Int+5 Dex-3 Stlth+} (You took it off a deep elf annihilator on level 3 of the Elven Halls)
 37735 | Elf:3    | Identified the +4 plate armour "Qiotyog" {rN++} (You found it on level 3 of the Elven Halls)
 38113 | Elf:3    | Got translucent ice dragon scales
 38150 | Elf:3    | Identified the +9 ice dragon scales "Qemuguga" {rF- rC++ rN+ Dex+4 Slay+3} (You found it on level 3 of the Elven Halls)
 38152 | Elf:3    | Got a polished plate armour
 38163 | Elf:3    | Identified the +8 plate armour "Jimearuf" {*Drain Dex+5} (You found it on level 3 of the Elven Halls)
 38493 | Vaults:1 | Entered Level 1 of the Vaults
 39229 | Vaults:1 | Reached skill level 15 in Shields
 39706 | Vaults:2 | Paralysed by a hornet for 3 turns
 39803 | Vaults:2 | Reached skill level 10 in Armour
 40127 | Vaults:2 | Noticed Mennas
 40142 | Vaults:2 | Killed Mennas
 40238 | Vaults:2 | Gained mutation: You have claws for feet. [demonic ancestry]
 40238 | Vaults:2 | Reached XP level 21. HP: 162/162 MP: 33/33
 40570 | Vaults:2 | Found a staircase to the Crypt.
 41095 | D:11     | Noticed roguesci's ghost (journeyman DrIE)
 41100 | D:11     | Killed roguesci's ghost
 41214 | D:15     | You paid a toll of +6 ice dragon scales to enter a treasure trove
 41215 | Trove    | Entered a treasure trove
 41228 | Trove    | Got an ancient crystal plate armour
 41230 | Trove    | Got a pitted large shield
 41265 | Trove    | Got a heavily runed leather armour
 41300 | Trove    | Identified the +0 large shield "Yzuyqem" {rF+} (You found it in a treasure trove)
 41315 | Trove    | Identified the +4 crystal plate armour of the Eight Queens {rPois MR+} (You found it in a treasure trove)
 41335 | Trove    | Identified the +5 leather armour of Democracy {rElec Int+5} (You found it in a treasure trove)
 41336 | Trove    | Got a fabulously ornate robe
 41347 | Trove    | Identified the +1 robe "Hiasecud" {Dex+4} (You found it in a treasure trove)
 41355 | Trove    | Got an encrusted crystal plate armour
 41367 | Trove    | Identified the +2 crystal plate armour "Roerch" {rF++ Str-2} (You found it in a treasure trove)
 41368 | Trove    | Got a brightly glowing scale mail
 41413 | D:15     | Identified the +1 scale mail of the Buccaneer {rN+ rCorr} (You found it in a treasure trove)
 41843 | Vaults:3 | Identified a scroll of acquirement
 41844 | Vaults:3 | Got a smoking bone amulet
 41845 | Vaults:3 | Identified the amulet of Rasafoos {Gourm rF- Int+3 Dex+4} (You acquired it on level 3 of the Vaults)
 41930 | Vaults:3 | Noticed Aizul
 41944 | Vaults:3 | Killed Aizul
 42091 | Vaults:3 | Reached skill level 24 in Unarmed Combat
 42533 | Vaults:3 | Identified the amulet of Koas {Gourm +Blink rElec Int+4 Stlth+} (You acquired it on level 3 of the Vaults)
 43152 | Vaults:4 | Reached skill level 15 in Fighting
 43152 | Vaults:4 | Gained mutation: Your magical and physical power is enhanced at high health. [demonic ancestry]
 43152 | Vaults:4 | Reached XP level 22. HP: 175/175 MP: 34/34
 43209 | Vaults:4 | Found a magical portal.
 43218 | WizLab   | Entered Wucad Mu's Monastery
 43395 | WizLab   | Reached XP level 23. HP: 167/184 MP: 35/35
 43961 | Vaults:4 | Got a shimmering silver amulet
 44512 | Vaults:4 | Identified the amulet of Cacad {Harm *Drain rN+++ MR++ Int-3 Dex-4} (You acquired it on level 4 of the Vaults)
 44714 | Crypt:1  | Entered Level 1 of the Crypt
 45730 | Crypt:2  | Noticed Frederick
 45738 | Crypt:2  | Killed Frederick
 45788 | Crypt:2  | Got a crude ring mail
 46160 | Crypt:3  | Entered Level 3 of the Crypt
 46360 | Crypt:3  | Identified the Handbook of the Arsonist and Stones
 46797 | Crypt:3  | Found a staircase to the Tomb.
 46939 | Crypt:3  | Found a basalt altar of Yredelemnul.
 46977 | Crypt:3  | Reached XP level 24. HP: 201/201 MP: 35/35
 47073 | Crypt:3  | Reached skill level 25 in Unarmed Combat
 47090 | Crypt:3  | Got a glittering garnet amulet
 47091 | Crypt:3  | Identified the amulet "Woosch" {rN+ Regen+ Str+4 Dex-3} (You found it on level 3 of the Crypt)
 47095 | Crypt:3  | Got a smoking lead ring
 47097 | Crypt:3  | Identified the ring of Ywess {rElec rN+} (You found it on level 3 of the Crypt)
 47114 | Crypt:3  | Got a faintly glowing lapis lazuli ring
 47116 | Crypt:3  | Identified the cursed ring of Descent {*Drain +Inv rN+ MR+ Int-2} (You found it on level 3 of the Crypt)
 47850 | Crypt:3  | Identified Atarom's Collected Works on Freezing Flames
 48006 | Crypt:3  | Identified the +3 ring mail of an ice cave {rF- Int+4 Dex+3} (You found it on level 2 of the Crypt)
 48317 | Depths:1 | Entered Level 1 of the Depths
 48606 | Depths:1 | Reached skill level 15 in Armour
 49360 | Depths:2 | Found Emuamp's Changing Room.
 49639 | Depths:2 | Found a shimmering altar of Xom.
 49657 | Depths:2 | Found a one-way gate to the infinite horrors of the Abyss.
 50053 | Depths:3 | Found a one-way gate leading to the halls of Pandemonium.
 50524 | Depths:4 | Gained mutation: Your magical and physical power is greatly enhanced at high health. [demonic ancestry]
 50524 | Depths:4 | Reached XP level 25. HP: 207/207 MP: 35/35
 50629 | Depths:4 | Got a bound lead ring
 50633 | Depths:4 | Identified the ring of Vallapua {Fire +Blink MR+ Dex-2} (You found it on level 4 of the Depths)
 50694 | Depths:4 | Noticed a juggernaut
 50700 | Depths:4 | Killed a juggernaut
 50700 | Depths:4 | Reached skill level 26 in Unarmed Combat
 50723 | Depths:4 | Found Ahook's Antique Armour Shop.
 50773 | Depths:4 | Got a heavily runed turquoise ring
 50775 | Depths:4 | Identified the ring of Afaacl Cose {rCorr rF- rN++ Int+4} (You found it on level 4 of the Depths)
 50861 | Depths:4 | Found a gateway to a ziggurat.
 50880 | Depths:4 | Paralysed by a floating eye for 2 turns
 50919 | Depths:4 | Got a flickering platinum ring
 50924 | Depths:4 | Identified the ring "Enoem" {*Drain rPois rN++ Int+4} (You found it on level 4 of the Depths)
 51201 | Depths:4 | Got a brightly glowing leather armour
 51266 | Depths:4 | Identified Naedihoa's Grimoire of Noxious Augmentations
 51326 | Depths:5 | Entered Level 5 of the Depths
 51390 | Depths:5 | Lost mutation: Your mind is acute. (Int +2) [a shining eye]
 51436 | Depths:5 | Noticed Sojobo
 51456 | Depths:5 | Killed Sojobo
 51500 | Depths:5 | Found a flickering gateway to a bazaar.
 51506 | Bazaar   | Entered a bazaar
 51506 | Bazaar   | Found Viext's Weapon Shop.
 51512 | Bazaar   | Found Zidemouch's Distillery.
 51515 | Bazaar   | Found Voarum's Armour Shop.
 51520 | Bazaar   | Bought a potion of invisibility for 80 gold pieces
 51520 | Bazaar   | Bought a potion of invisibility for 80 gold pieces
 51520 | Bazaar   | Bought a potion of flight for 30 gold pieces
 51520 | Bazaar   | Bought a potion of cancellation for 80 gold pieces
 51520 | Bazaar   | Bought a potion of haste for 100 gold pieces
 51520 | Bazaar   | Bought a potion of mutation for 80 gold pieces
 51520 | Bazaar   | Bought a potion of curing for 30 gold pieces
 51520 | Bazaar   | Bought a potion of heal wounds for 50 gold pieces
 51520 | Bazaar   | Bought a potion of resistance for 100 gold pieces
 51520 | Bazaar   | Bought a potion of berserk rage for 50 gold pieces
 51555 | Bazaar   | Found Qegaasiv's Weapon Shop.
 51559 | Bazaar   | Found Nokkif's Assorted Antiques.
 51569 | Bazaar   | Bought a potion of curing for 81 gold pieces
 51569 | Bazaar   | Bought a scroll of summoning for 256 gold pieces
 51569 | Bazaar   | Bought a scroll of teleportation for 81 gold pieces
 51569 | Bazaar   | Bought a potion of berserk rage for 135 gold pieces
 51569 | Bazaar   | Bought a scroll of identify for 54 gold pieces
 51579 | Bazaar   | Identified the +1 leather armour of Vaommucoas {*Contam rPois MR+} (You found it on level 4 of the Depths)
 51627 | Bazaar   | Gained mutation: You possess an exceptional clarity of mind. [mutagenic glow]
 51710 | Depths:5 | Found a gate to the Realm of Zot.
 52652 | Vaults:5 | Entered Level 5 of the Vaults
 52652 | Vaults:5 | Noticed Jory
 52662 | Vaults:5 | Killed Jory
 52723 | Vaults:5 | Gained mutation: A meltable icy envelope protects you from harm. (AC +0) [demonic ancestry]
 52723 | Vaults:5 | Reached XP level 26. HP: 215/215 MP: 35/35
 52773 | Vaults:5 | Reached skill level 27 in Unarmed Combat
 52793 | Vaults:5 | Noticed an ancient lich
 52834 | Vaults:5 | Killed an ancient lich
 53041 | Vaults:5 | Got a steaming emerald amulet
 53044 | Vaults:5 | Identified the amulet "Gamip" {RegenMP rC+ MR+} (You took it off an orc knight on level 5 of the Vaults)
 53157 | Vaults:5 | Reached skill level 1 in Throwing
 53190 | Vaults:5 | Got a glittering glass ring
 53192 | Vaults:5 | Identified the ring of Diokh {Wiz Dex+3 Slay+3} (You took it off an ironheart preserver on level 5 of the Vaults)
 53211 | Vaults:5 | Got a fine amber ring
 53270 | Vaults:5 | Got a smoking iron amulet
 53348 | Vaults:5 | Reached skill level 5 in Throwing
 53440 | Vaults:5 | Got a coiled tin amulet
 53448 | Vaults:5 | Identified the amulet "Aplalos" {+Rage Int+2 Dex+6} (You took it off an orc knight on level 5 of the Vaults)
 53451 | Vaults:5 | Identified the amulet "Goos" {Reflect rC- Str+3 SH+4} (You took it off a yaktaur on level 5 of the Vaults)
 53454 | Vaults:5 | Identified the ring "Lotz" {rPois Int+5} (You took it off a vault sentinel on level 5 of the Vaults)
 53605 | Vaults:5 | Found Xasist Jeka's Food Shop.
 53683 | Vaults:5 | Noticed an ancient lich
 53685 | Vaults:5 | Got a jewelled leather armour
 53694 | Vaults:5 | Killed an ancient lich
 53695 | Vaults:5 | Identified the +0 leather armour of Pathos {MR- Regen+ Int+4} (You took it off an orc wizard on level 5 of the Vaults)
 54032 | Vaults:5 | Reached skill level 10 in Throwing
 54059 | Vaults:5 | Got a silver rune of Zot
 54607 | Zot:1    | Entered Level 1 of the Realm of Zot
 54639 | Zot:1    | Reached XP level 27. HP: 222/222 MP: 35/35
 54665 | Zot:1    | Identified the +8 chain mail "Mijuwoil" {rElec MP+9 Int+4 Slay+3} (You found it on level 1 of the Realm of Zot)
 56137 | Zot:3    | Reached skill level 15 in Throwing
 57509 | Zot:5    | Entered Level 5 of the Realm of Zot
 57837 | Zot:5    | Reached skill level 10 in Dodging
 57901 | Zot:5    | Noticed an orb of fire
 57902 | Zot:5    | Gained mutation: Your spells are a little easier to cast, but a little less powerful. [an orb of fire]
 57914 | Zot:5    | Killed an orb of fire
 57943 | Zot:5    | Noticed an ancient lich
 57949 | Zot:5    | Killed an ancient lich
 57972 | Zot:5    | Noticed an ancient lich
 57979 | Zot:5    | Killed an ancient lich
 58856 | Slime:1  | Entered Level 1 of the Pits of Slime
 58861 | Slime:1  | Lost mutation: You are agile. (Dex +2) [a shining eye]
 58956 | Slime:1  | Gained mutation: You expend magic power (3 MP) to strengthen your wands. [a shining eye]
 58957 | Slime:1  | Gained mutation: You are weak. (Str -2) [a shining eye]
 60325 | Slime:5  | Entered Level 5 of the Pits of Slime
 60385 | Slime:5  | Gained mutation: You occasionally shout uncontrollably at your foes. [a shining eye]
 60447 | Slime:5  | Gained mutation: You are frail. (-10% HP) [a shining eye]
 60453 | Slime:5  | Noticed the Royal Jelly
 60466 | Slime:5  | Killed the Royal Jelly
 60636 | Slime:5  | Identified the Tome of Ashen Malediction
 60640 | Slime:5  | Identified the Guide on Dusty Unholy Arts
 60682 | Slime:5  | Got a slimy rune of Zot
 61038 | Slime:5  | Identified the +2 buckler of Awe {rF+ Str+2 Int+2} (You found it on level 5 of the Pits of Slime)
 61062 | Slime:5  | Lost mutation: Your spells are a little easier to cast, but a little less powerful. [potion of mutation]
 61062 | Slime:5  | Lost mutation: You possess an exceptional clarity of mind. [potion of mutation]
 61062 | Slime:5  | Lost mutation: You expend magic power (3 MP) to strengthen your wands. [potion of mutation]
 61062 | Slime:5  | Lost mutation: You occasionally shout uncontrollably at your foes. [potion of mutation]
 61062 | Slime:5  | Lost mutation: You are frail. (-10% HP) [potion of mutation]
 61062 | Slime:5  | Lost mutation: You are weak. (Str -2) [potion of mutation]
 61062 | Slime:5  | Gained mutation: You are agile. (Dex +2) [potion of mutation]
 61062 | Slime:5  | Gained mutation: You are robust. (+10% HP) [potion of mutation]
 61062 | Slime:5  | Gained mutation: Your mind is acute. (Int +2) [potion of mutation]
 61506 | Pan      | Entered Pandemonium
 61507 | Pan      | Gained mutation: Your magical capacity is low. (-10% MP) [a cacodemon]
 61549 | Pan      | Found an exit through the horrors of the Abyss.
 61753 | Pan      | Identified the +0 chain mail of the Peculiar Runes {rPois rF+ Int-3 Slay+2} (You found it in Pandemonium)
 62071 | Pan      | Found a runed door.
 62075 | Pan      | Found a runed door.
 62107 | Pan      | Found a runed door.
 62122 | Pan      | Found a runed door.
 62284 | Pan      | Found an exit through the horrors of the Abyss.
 62384 | Pan      | Noticed Ceomi the pandemonium lord
 62394 | Pan      | Killed Ceomi the pandemonium lord
 62441 | Depths:3 | Escaped Pandemonium
 62443 | Pan      | Entered Pandemonium
 62465 | Pan      | Found an exit through the horrors of the Abyss.
 62722 | Pan      | Noticed Ipurait the pandemonium lord
 62735 | Pan      | Killed Ipurait the pandemonium lord
 63063 | Pan      | Found a runed door.
 63063 | Pan      | Noticed Isenkeagg the pandemonium lord
 63064 | Pan      | nice spawn
 63068 | Pan      | Killed Isenkeagg the pandemonium lord
 63094 | Pan      | Gained mutation: You do not regenerate when monsters are visible. [a neqoxec]
 63129 | Pan      | Got a demonic rune of Zot
 63259 | Pan      | Noticed Xixucut the pandemonium lord
 63267 | Pan      | Killed Xixucut the pandemonium lord
 63304 | Pan      | Upgraded the game from 0.21-a0-41-g5e91fef to 0.21-a0-42-gb537e02
 63467 | Pan      | Found an exit through the horrors of the Abyss.
 63709 | Pan      | Noticed Jegrag the pandemonium lord
 63717 | Pan      | Found an exit through the horrors of the Abyss.
 63783 | Pan      | Noticed Utwyewk the pandemonium lord
 63796 | Pan      | Killed Utwyewk the pandemonium lord
 63841 | Pan      | Lost mutation: You are agile. (Dex +2) [potion of mutation]
 63841 | Pan      | Lost mutation: Your magical capacity is low. (-10% MP) [potion of mutation]
 63841 | Pan      | Gained mutation: Your body sometimes deteriorates upon taking damage. [potion of mutation]
 63841 | Pan      | Gained mutation: Your mind is very acute. (Int +4) [potion of mutation]
 63841 | Pan      | Gained mutation: Your system is resistant to poisons. (rPois) [potion of mutation]
 63841 | Pan      | Gained mutation: Your skin changes colour to match your surroundings (Stealth+). [potion of mutation]
 63842 | Pan      | Lost mutation: Your mind is very acute. (Int +4) [potion of mutation]
 63842 | Pan      | Lost mutation: Your system is resistant to poisons. (rPois) [potion of mutation]
 63842 | Pan      | Lost mutation: You do not regenerate when monsters are visible. [potion of mutation]
 63842 | Pan      | Lost mutation: You are robust. (+10% HP) [potion of mutation]
 63842 | Pan      | Lost mutation: Your body sometimes deteriorates upon taking damage. [potion of mutation]
 63842 | Pan      | Lost mutation: Your mind is acute. (Int +2) [potion of mutation]
 63842 | Pan      | Gained mutation: You expend magic power (3 MP) to strengthen your wands. [potion of mutation]
 63842 | Pan      | Gained mutation: Your flesh is heat resistant. (rF+) [potion of mutation]
 63864 | Pan      | Found an exit through the horrors of the Abyss.
 63984 | Pan      | Gained mutation: You are weak. (Str -2) [a neqoxec]
 63993 | Pan      | Noticed Savva the pandemonium lord
 63996 | Pan      | HP: 7/228 [Savva the pandemonium lord/great blast of fire (29)]
 64273 | Pan      | Entered the realm of Gloorx Vloq.
 64389 | Pan      | Noticed Gloorx Vloq
 64399 | Pan      | Killed Gloorx Vloq
 64421 | Pan      | Got a dark rune of Zot
 64513 | Pan      | Found an exit through the horrors of the Abyss.
 65265 | Pan      | Found an exit through the horrors of the Abyss.
 65429 | Pan      | Noticed Rounoi the pandemonium lord
 65479 | Pan      | Found an exit through the horrors of the Abyss.
 65852 | Pan      | Found an exit through the horrors of the Abyss.
 65907 | Pan      | Gained mutation: Armour fits poorly on your strangely shaped body. [a neqoxec]
 66050 | Pan      | Entered the realm of Cerebov.
 66172 | Pan      | Found an exit through the horrors of the Abyss.
 66520 | Pan      | Demolished by an infernal warmonger

Vault maps used:
D:1:      shiori_arrival_oz
D:2:      chequers_temple_overflow_minitemple, lemuel_old_faithful, uniq_terence
D:3:      first_bread, nicolae_ru_path_of_blood
D:4:      minmay_misc_feat_tower, guppyfry_early_orc_mine
D:5:      minmay_temple_entry_large_hall
D:6:      serial_shops, nicolae_shop_crystal, minivault_1, serial_bayou_pond_e,
          fountainhead
D:7:      grunt_ogre_cave
D:8:      basic_altar, serial_shops, nicolae_shop_overgrown_old_shop,
          hangedman_decor_riveting, uniq_joseph, uniq_gastronok
D:9:      serial_shops, nicolae_shop_behind_doors, patterned_corridor
D:10:     erik_orc_1, david_defended_altar_orc
D:11:     serial_shops, nicolae_shop_behind_doors
D:12:     lemuel_slime, enter_bailey_2
D:13:     grunt_vaults_entry_tiered, serial_corexii_hall,
          corexii_hall_statues_i, corexii_hall_statues_i,
          minmay_splitting_lines, einodemon_crawler_minivault
D:14:     serial_park_square1
D:15:     grunt_enter_depths_magical_seal, enter_trove_5, nrook_mini_vaults
Temple:   regret_index_temple_mists
Lair:2:   spider_nest_entry_funnel_web
Lair:3:   minmay_shoals_entry_centaurs, roderic_batcave, tgw_fedhas
Lair:4:   minmay_lair_oklob_chamber
Lair:5:   slime_altar_2, basic_altar, kennysheep_abandoned_house
Lair:6:   evil_forest, portal_ice_cave_entry_imps, serial_bayou_shore_a,
          serial_bayou_shore_b
Shoals:1: lemuel_oklob_altar, uniq_kirke, uniq_frances, uniq_louise
Shoals:3: serial_shops, shop, uniq_bai_suzhen
Shoals:4: shoals_end_hangedman, shoals_ilsuiw_alternative, uniq_ilsuiw
Spider:1: spider_trap, hangedman_spider_mandibles
Spider:2: cheibrodos_spider_silkery, uniq_nikola
Spider:3: nicolae_spider_mines_3, hangedman_spider_tarantella_strand
Spider:4: grunt_spider_rune_circles
Slime:2:  cheibrodos_slime_lost_civilization_6
Orc:1:    serial_shops, shop, shop_fountains, nicolae_shop_crystal
Orc:2:    st_orc_rangers, serial_shops, shop, uniq_josephine
Elf:1:    minmay_the_grid_triangle_9x9_rhombus_full_mashed, orc_legates,
          st_stairs_13, serial_sigils_hangedman_etch, minmay_elf_necromancy
Elf:2:    serial_shops, shop, lemuel_blue_sif_altar
Elf:3:    grunt_elf_hall_branching, uniq_saint_roka
Vaults:1: nicolae_vaults_rhombus_6, vaults_mumra_hexcomb, v_rooms_5,
          hangedman_vaults_capsules, grunt_vaults_twisty,
          nicolae_vaults_asterisk, ontoclasm_vaults_idyll, v_misc_13,
          ontoclasm_vaults_tryst, v_pattern_4,
          vaults_room_grunt_arrival_checkpoint, vaults_dpeg_diagonal
Vaults:2: nicolae_vaults_specimen_jars, dpeg_vaults_monster_box,
          grunt_vaults_swirl, v_misc_10, v_pattern_5, vaults_dpeg_spiral,
          minmay_crypt_entry_simple_corners, v_misc_22, v_rooms_5, st_diamondy,
          vaults_room_fours, uniq_mennas
Vaults:3: nicolae_vaults_little_squares_3, dpeg_vaults_pockets_of_resistance,
          v_misc_17, nicolae_vaults_hallways_thing, ontoclasm_vaults_ring_small,
          v_misc_13, v_misc_23, hangedman_vaults_corner, vaults_mumra_chevron,
          vaults_standard_mumra_enter_the_diamond, v_misc_3,
          nicolae_vaults_what_the_h, vaults_mumra_chevron_long,
          nicolae_vaults_little_squares_4, uniq_aizul
Vaults:4: vaults_dpeg_ring, nicolae_vaults_theta, nicolae_vaults_big_ls,
          nicolae_vaults_angled_halls, hangedman_vaults_trim,
          nicolae_vaults_network_barrier, hangedman_vaults_trim,
          ontoclasm_vaults_shuriken, v_misc_15, st_smaller_cells,
          ontoclasm_vaults_ring_small, mu_enter_wizlab_4
Vaults:5: uniq_jory
Crypt:2:  grunt_megastairs_4, uniq_frederick
Crypt:3:  evilmike_haunted_forest
Depths:1: pf_coc_iceberg, hangedman_abyss_or_decor_jellyfish_corner,
          kennysheep_cross_room, nrook_mini_backslash,
          minmay_hollow_rounded_squares
Depths:2: due_chaos_kobolds, hell_entry, infiniplex_staircase_star,
          nicolae_transmutations_shop
Depths:3: mu_elephants_graveyard, minmay_misc_feat_cross,
          grunt_pan_entry_sceptre, abyss_entry_crystal, hell_entry
Depths:4: hangedman_spin_cycle, hell_entry, abyss_entry
Depths:5: grunt_zot_entry_tricorne, serial_shops, freezing_bzr, hell_entry,
          grunt_decor_fettered, uniq_sojobo
Zot:4:    grunt_zot_stairs_faceoff
Zot:5:    st_stairs_11, hangedman_zot_decor_slant
Abyss:3:  bh_abyss_exit_choice
Pan:      evilmike_mini_pan_rooms, nicolae_pan_gloorx_vloqian_1, rand_demon_7,
          pan_blood_fountain_2, nicolae_pan_cerebovesque_1, rand_demon_8,
          regret_index_pan_draining_boxed, rand_demon_1, reaverb_pan_chaos_star,
          nicolae_pan_sigil_uleosi, rand_demon_7, nicolae_pan_cerebovesque_3,
          evilmike_mini_pan_layers, rand_demon_4, grunt_pan_pentagram,
          evilmike_mini_pan_branches, nicolae_pan_sigil_nadil,
          gloorx_vloq_grunt_torture_chamber, grunt_pan_sceptre,
          lemuel_hall_of_pain, nicolae_pan_hourglass, nicolae_pan_giant_door,
          evilmike_mini_pan_layers, evilmike_mini_pan_layers,
          nicolae_pan_cerebovesque_4, grunt_pan_frozen_over,
          nicolae_pan_mnolegish_3, cerebov
Bazaar:   bazaar_kb_twisted_cavern
Trove:    trove_armour_1
Bailey:   bailey_polearm_3, bailey
IceCv:    ice_cave_small_dragons
WizLab:   wizlab_wucad

Skill      XL: |  1  2  3  4  5  6  7  8  9 10 11 12 13 14 15 16 17 18 19 20 21 22 23 24 25 26 27 |
---------------+----------------------------------------------------------------------------------+-----
Unarmed Combat | 2 3 4 5 6 7 9 11 12 13 15 16 17 18 19 20 22 23 24 25 26 27 | 27.0
Invocations    | 2 4 7 9 10 12 13 14 15 16 20 | 20.9
Shields        | 4 6 7 9 10 11 12 13 14 15 18 | 18.2
Fighting       | 5 7 9 10 11 12 13 15 16 19 21 | 21.5
Armour         | 3 6 8 10 12 13 16 18 20 | 20.9
Dodging        | 2 5 7 9 13 | 13.6
Throwing       | 10 17 | 17.7

Action                   |  1- 3 |  4- 6 |  7- 9 | 10-12 | 13-15 | 16-18 | 19-21 | 22-24 | 25-27 || total
-------------------------+-------+-------+-------+-------+-------+-------+-------+-------+-------++-------
Melee: Unarmed           |   131 |   140 |   232 |   346 |  1203 |  1044 |  1209 |  1010 |  2550 ||  7865
       Headbutt          |    19 |    23 |    48 |    68 |   274 |   267 |   366 |   348 |   795 ||  2208
       Morningstar       |       |       |       |       |     1 |       |       |       |       ||     1
       Kick              |       |       |       |       |       |       |   216 |   562 |  1232 ||  2010
Throw: Tomahawk          |       |       |       |       |     9 |       |     1 |     1 |   114 ||   125
Invok: Minor Destruction |       |       |   121 |   502 |   655 |  1023 |   501 |   251 |   329 ||  3382
       Lesser Servant of |       |       |       |     3 |     5 |     2 |       |       |       ||    10
       Greater Servant o |       |       |       |     1 |     5 |     5 |     2 |     1 |       ||    14
       Major Destruction |       |       |       |       |     1 |     1 |       |       |       ||     2
Evoke: Wand              |       |       |       |    23 |     7 |    17 |    10 |     2 |     2 ||    61
  Use: Potion            |     2 |     1 |     8 |     5 |    13 |    13 |     6 |     1 |    19 ||    68
       Scroll            |       |     5 |    18 |    12 |    16 |    21 |    25 |     9 |    28 ||   134
 Stab: Distracted        |       |       |       |     2 |     1 |     4 |       |       |       ||     7
       Sleeping          |       |       |       |       |     3 |     1 |       |     1 |       ||     5
       Invisible         |       |       |       |       |       |     2 |       |       |       ||     2
  Eat: Chunk             |     1 |     6 |    10 |    14 |    35 |    31 |    21 |    16 |    34 ||   168
       Fruit             |       |       |       |     3 |     1 |     5 |     8 |     9 |    20 ||    46
       Meat ration       |       |       |       |     1 |       |       |       |       |       ||     1
Armor: Scale mail        |    49 |    47 |    58 |       |       |       |       |       |       ||   154
       Skin              |       |       |     2 |    35 |     6 |     5 |    22 |       |       ||    70
       Ring mail         |       |       |    20 |   103 |   270 |   291 |   103 |       |       ||   787
       Plate armour      |       |       |       |       |       |       |   102 |       |       ||   102
       Ice dragon scales |       |       |       |       |       |       |    76 |   283 |    47 ||   406
       Crystal plate arm |       |       |       |       |       |       |       |       |   981 ||   981
Dodge: Dodged            |    30 |    22 |    57 |    91 |   349 |   389 |   318 |   231 |   533 ||  2020
Block: Shield            |    63 |    68 |    92 |   217 |   692 |   788 |   716 |   536 |  1642 ||  4814
